 Dungeon Crawl Stone Soup version 0.21.1-68-g103a7af (webtiles) character file.

2103 HandholdingErotica the Cleaver (level 9, 0/79 HPs)
             Began as a Minotaur Fighter on Aug 1, 2018.
             Was a Follower of Wu Jian.
             Slain by a two-headed ogre
             ... wielding a +0 giant club
              (8 damage)
             ... on level 9 of the Dungeon.
             The game lasted 00:33:01 (6026 turns).

HandholdingErotica the Cleaver (Minotaur Fighter)   Turns: 6026, Time: 00:33:02

Health: 0/79       AC:  6    Str: 23    XL:     9   Next: 7%
Magic:  8/8        EV:  9    Int:  6    God:    Wu Jian [*.....]
Gold:   266        SH:  0    Dex: 10    Spells: 8/8 levels left

rFire    + . .     SeeInvis .   i - +5 executioner's axe (flame)
rCold    + . .     Gourm    .   (shield currently unavailable)
rNeg     + . .     Faith    .   b - +0 scale mail
rPois    .         Spirit   .   (helmet restricted)
rElec    .         Reflect  .   (no cloak)
rCorr    .         Harm     .   (no gloves)
MR       .....                  (no boots)
Stlth    ..........             (no amulet)
HPRegen  0.23/turn              h - ring of protection from cold
MPRegen  0.11/turn              v - ring of positive energy

@: no status effects
A: retaliatory headbutt, horns 2, blink, fire resistance 1
a: Blink, Renounce Religion


You were on level 9 of the Dungeon.
You worshipped Wu Jian.
Wu Jian was aware of your devotion.
You were full.

You visited 2 branches of the dungeon, and saw 10 of its levels.

You collected 266 gold pieces.

Inventory:

Hand Weapons
 a - a +0 war axe
 i - a +5 executioner's axe of flaming (weapon)
 s - a cursed -2 broad axe
 w - a +4 dagger of holy wrath
Missiles
 m - 4 tomahawks (quivered)
Armour
 b - a +0 scale mail (worn)
 c - a +0 shield
 n - a cursed +0 chain mail
 q - a +0 cloak
Jewellery
 h - a ring of protection from cold (left hand)
 u - an uncursed amulet of regeneration {unknown}
 v - a ring of positive energy (right hand)
Wands
 l - a wand of iceblast (22)
Scrolls
 e - a scroll of identify
 p - 3 scrolls of remove curse
 r - a scroll of teleportation
Potions
 d - a potion of flight
 k - 3 potions of degeneration
 o - a potion of mutation
 t - a potion of lignification {unknown}
 x - a potion of heal wounds {unknown}
 z - a potion of curing
Books
 g - a book of Clouds

   Spells                             Type                      Level
   a - Poisonous Vapours              Poison/Air                   2
   b - Mephitic Cloud                 Conjuration/Poison/Air       3
   c - Conjure Flame                  Conjuration/Fire             3
   d - Freezing Cloud                 Conjuration/Ice/Air          6
   e - Ring of Flames                 Charms/Fire                  7
Comestibles
 f - 5 rations


   Skills:
 + Level 7.0 Fighting
 + Level 10.2 Axes
 - Level 3.6 Armour
 - Level 9.1 Shields


You had 8 spell levels left.
You didn't know any spells.

Dungeon Overview and Level Annotations

Branches:
Dungeon (9/15)             Temple (1/1) D:5
   Lair: D:8-11         Orc: D:9-12

Altars:
Cheibriados
Dithmenos
Elyvilon
Gozag
Hepliaklqana
Kikubaaqudgha
Makhleb
Nemelex Xobeh
Okawaru
Qazlal
Ru
Sif Muna
Trog
Vehumet
Wu Jian
Xom
Zin
The Shining One

Shops:
D:8 }

Annotations:
D:3 Sigmund
D:7 Prince Ribbit
D:8 Pikel


Innate Abilities, Weirdness & Mutations

You reflexively headbutt those who attack you in melee.
You have a pair of horns on your head.
You can translocate small distances at will.
Your flesh is heat resistant. (rF+)


Message History

The two-headed ogre hits you with a giant club!! x2
You slice the two-headed ogre!! You burn the two-headed ogre!
The two-headed ogre is heavily wounded.
The two-headed ogre completely misses you.
You furiously retaliate!
You headbutt the two-headed ogre.
The two-headed ogre hits you with a giant club!
* * * LOW HITPOINT WARNING * * *
Quiver which item? (- for none, * to show all) (? for menu, Esc to quit)
Okay, then.
Quiver which item? (- for none, * to show all) (? for menu, Esc to quit)
Okay, then.
Quiver which item? (- for none, * to show all) (? for menu, Esc to quit)
Okay, then.
Okay, then.
You barely miss the two-headed ogre.
The two-headed ogre is severely wounded.
The two-headed ogre hits you with a giant club!
* * * LOW HITPOINT WARNING * * *
The two-headed ogre hits you with a giant club!
You die...

#.......#
#.......#.......
#.......#.......
#.......#.......
#.....####....#
#####.....####....#
.........(........#
....#.<.)).......+ ...
+..()((....@.# ..
###)###.(.(O.#
..........#......#
..P...P...+.........!
..PPPPO...#...........
.P.P....P.#......#####
P.P...P...#+####+#


.PPPPPP.P.. ..####P.P.P. You could see a two-headed ogre.

Vanquished Creatures
  A hungry ghost (D:9)
  2 porcupines (D:9)
  2 sky beasts (D:6)
  An ice beast (D:8)
  6 ogres
  3 centaurs (D:5)
  A big kobold (D:9)
  2 bullfrogs
  A scorpion (D:9)
  3 crimson imps
  5 hounds
  2 worker ants
  A gnoll (D:1)
  7 adders
  A shadow imp (D:5)
  3 oozes
  An adder skeleton (D:6)
  A worm (D:2)
  2 leopard geckos
  16 orcs
  4 giant cockroaches
  3 goblins (D:1)
  5 hobgoblins
  8 jackals (D:4)
  7 quokkas
  3 ball pythons
  9 bats
  6 frilled lizards
  11 kobolds
  A leopard gecko zombie (D:6)
  A quokka zombie (D:5)
  3 rats
122 creatures vanquished.

Vanquished Creatures (others)
  A fungus (D:9)
  A plant (D:9)
2 creatures vanquished.

Grand Total: 124 creatures vanquished

Notes
Turn   | Place    | Note
-------+----------+-------------------------------------------
     0 | D:1      | HandholdingErotica the Minotaur Fighter began the quest for the Orb.
     0 | D:1      | Reached XP level 1. HP: 19/19 MP: 0/0
   246 | D:1      | Reached XP level 2. HP: 25/26 MP: 1/1
   255 | D:1      | Reached skill level 3 in Axes
   840 | D:2      | Reached XP level 3. HP: 29/31 MP: 2/2
  1274 | D:2      | Found a shimmering altar of Xom.
  1446 | D:2      | Reached skill level 4 in Axes
  1447 | D:2      | Reached XP level 4. HP: 39/39 MP: 3/3
  1485 | D:2      | Reached skill level 5 in Shields
  1702 | D:3      | Noticed Sigmund
  1983 | D:4      | Reached XP level 5. HP: 45/45 MP: 4/4
  1998 | D:4      | Noticed an ogre
  2032 | D:4      | Killed an ogre
  2032 | D:4      | Reached skill level 5 in Axes
  2163 | D:4      | Noticed an ogre
  2172 | D:4      | Killed an ogre
  2172 | D:4      | Reached XP level 6. HP: 42/51 MP: 5/5
  2235 | D:4      | Reached skill level 6 in Axes
  2452 | D:5      | Entered Level 5 of the Dungeon
  2537 | D:5      | Reached XP level 7. HP: 13/57 MP: 6/6
  2686 | D:5      | Reached skill level 7 in Axes
  2777 | D:5      | Found a white marble altar of Elyvilon.
  3023 | D:5      | Found a glowing golden altar of the Shining One.
  3270 | D:5      | Found a staircase to the Ecumenical Temple.
  3277 | Temple   | Entered the Ecumenical Temple
  3502 | Temple   | Became a worshipper of the Wu Jian Council
  3832 | D:5      | Found a sparkling altar of Nemelex Xobeh.
  3845 | D:5      | Reached skill level 8 in Axes
  4136 | D:6      | Reached XP level 8. HP: 28/64 MP: 7/7
  4394 | D:6      | Found a radiant altar of Vehumet.
  4395 | D:6      | Found a burning altar of Makhleb.
  4603 | D:6      | Gained mutation: You can translocate small distances at will. [potion of mutation]
  4603 | D:6      | Gained mutation: Your flesh is heat resistant. (rF+) [potion of mutation]
  4969 | D:6      | Found a deep blue altar of Sif Muna.
  5333 | D:6      | Identified a scroll of acquirement
  5537 | D:7      | Reached * piety under Wu Jian
  5647 | D:7      | Noticed Prince Ribbit
  5679 | D:8      | Reached skill level 9 in Axes
  5699 | D:8      | Reached skill level 5 in Fighting
  5738 | D:8      | Found Utzeik Hamu's Gadget Shoppe.
  5738 | D:8      | Noticed Pikel
  5776 | D:9      | Reached skill level 10 in Axes
  5776 | D:9      | Reached XP level 9. HP: 29/78 MP: 8/8
  6002 | D:9      | Noticed a two-headed ogre
  6026 | D:9      | Slain by a two-headed ogre

Skill      XL: |  1  2  3  4  5  6  7  8  9 |
---------------+----------------------------+-----
Shields        | 4 5 6 7 8 9 |  9.1
Axes           | 3 4 5 6 8 10 | 10.2
Fighting       | 6 7 |  7.0
Armour         | |  3.6

Action                   |  1- 3 |  4- 6 |  7- 9 || total
-------------------------+-------+-------+-------++-------
Melee: War axe           |    80 |    91 |   100 ||   271
       Headbutt          |     7 |    15 |    20 ||    42
       Executioner's axe |       |       |    39 ||    39
Throw: Tomahawk          |       |     5 |    13 ||    18
Invok: Lunge             |       |       |     8 ||     8
  Use: Scroll            |     2 |     4 |     7 ||    13
       Potion            |       |     4 |     5 ||     9
  Eat: Ration            |     1 |     1 |     5 ||     7
Armor: Scale mail        |    52 |    50 |    51 ||   153
Dodge: Dodged            |    34 |    36 |    48 ||   118
Block: Shield            |    50 |    56 |    51 ||   157
